 Dungeon Crawl Stone Soup version 0.20.0-15-g7f486f2 (webtiles) character file.

58517 angvis the Phalangite (level 14, -5/130 HPs)
             Began as a Minotaur Berserker on June 27, 2017.
             Was the Champion of Trog.
             Slain by a salamander
             ... wielding a +4 trident
              (7 damage)
             ... in a volcano.
             The game lasted 00:54:04 (20687 turns).

angvis the Phalangite (Minotaur Berserker)         Turns: 20687, Time: 00:54:06

Health: -5/130     AC: 18    Str: 27    XL:     14   Next: 49%
Magic:  13/13      EV: 17    Int:  6    God:    Trog [******]
Gold:   714        SH:  0    Dex: 23    Spells: 13/13 levels left

rFire    + + .     SeeInvis .   K - +5 trident "Beetlebane" {pierce, Fragile rN+++ Int+6 Stlth+}
rCold    + + +     Gourm    .   (no shield)
rNeg     + + +     Faith    .   F - +2 scale mail {rF+}
rPois    +         Spirit   .   U - +2 hat of Akuched {rElec Stlth+}
rElec    +         Reflect  .   a - +2 cloak {MR+}
rCorr    +         Harm     .   w - +0 pair of gloves
MR       ++...                  (no boots)
Stlth    +++.......             (no amulet)
Regen    0.4/turn               H - ring of Wochezuer {rCorr rC++ rN+ Int-4 Dex+8}
MPRegen  0.2/turn               b - +5 ring of strength

@: resistant
A: retaliatory headbutt, horns 2
a: Berserk, Trog's Hand, Brothers in Arms, Burn Spellbooks, Renounce Religion


You were in a volcano.
You worshipped Trog.
Trog was exalted by your worship.
You were very hungry.

You visited 2 branches of the dungeon, and saw 17 of its levels.
You also visited: Labyrinth, Sewer, Bailey and Volcano.

You collected 1338 gold pieces.
You spent 624 gold pieces at shops.

Inventory:

Hand Weapons
 J - a +4 glaive of flaming
 K - the +5 trident "Beetlebane" (weapon) {pierce, Fragile rN+++ Int+6 Stlth+}
   (You bought it in a shop on level 10 of the Dungeon)

   It inflicts extra damage upon your enemies.
   It affects your intelligence (+6).
   It renders you almost immune to negative energy.
   It will be destroyed if unequipped.
   It makes you more stealthy.
 W - a +0 demon trident of electrocution
Armour
 a - a +2 cloak of magic resistance (worn)
 h - the +5 scale mail of Qazlal's Anger {rC- Regen+ Int-4 SInv}
   (You bought it in a shop on level 6 of the Dungeon)

   It affects your intelligence (-4).
   It makes you vulnerable to cold.
   It lets you see invisible.
   It increases your rate of regeneration.
 l - a +4 chain mail
 w - a +0 pair of gloves (worn)
 x - a +2 scale mail of positive energy
 z - the +2 leather armour "Cucs" {Str+2 Stlth+}
   (You found it on level 8 of the Dungeon)

   It affects your strength (+2).
   It makes you more stealthy.
 F - a +2 scale mail of fire resistance (worn)
 U - the +2 hat of Akuched (worn) {rElec Stlth+}
   (You found it on level 15 of the Dungeon)

   It insulates you from electricity.
   It makes you more stealthy.
Jewellery
 b - a +5 ring of strength (right hand)
 n - a +3 ring of dexterity
 H - the ring of Wochezuer (left hand) {rCorr rC++ rN+ Int-4 Dex+8}
   (You found it on level 4 of the Dungeon)

   [ring of resist corrosion]

   It affects your intelligence (-4).
   It affects your dexterity (+8).
   It greatly protects you from cold.
   It protects you from negative energy.
 L - an uncursed ring of protection from magic
 O - an uncursed ring of see invisible
Wands
 y - a wand of polymorph (13/24)
 D - a wand of lightning (15/15)
 I - a wand of polymorph (7/24)
 N - a wand of random effects (15/48)
Scrolls
 d - 7 scrolls of remove curse
 e - 2 scrolls of enchant armour
 f - 7 scrolls of teleportation
 j - a scroll of enchant weapon
 k - 5 scrolls of identify
 m - 3 scrolls of recharging
 t - 2 scrolls of fog
 C - 5 scrolls of magic mapping
 Q - a scroll of summoning
 S - 2 scrolls of silence
 V - a scroll of holy word
Potions
 i - a potion of resistance
 o - a potion of flight
 p - 2 potions of mutation
 q - 3 potions of berserk rage
 r - a potion of invisibility
 u - 3 potions of agility
 v - 7 potions of curing
 A - 4 potions of brilliance
 B - 3 potions of might
 E - 2 potions of haste
 M - a potion of ambrosia
 P - a potion of lignification
 R - a potion of heal wounds
Comestibles
 c - 13 bread rations
 g - 7 fruits
 s - 9 meat rations


   Skills:
 + Level 13.8 Fighting
 * Level 21.5 Polearms
 + Level 12.1 Armour
 + Level 7.3 Dodging
 - Level 0.6 Stealth


You had 13 spell levels left.
You didn't know any spells.

Dungeon Overview and Level Annotations

Branches:
Dungeon (15/15)            Temple (0/1) D:7            Lair (2/6) D:9
    Orc (0/2) D:11         Vaults (0/5) D:13         Depths (0/5) D:15
  Swamp: Lair:2-4    Shoals: Lair:2-4     Snake: Lair:2-4    Spider: Lair:2-4

Altars:
Qazlal
Sif Muna

Shops:
D:4 [   D:6 %![:   D:10 (   D:11 *[(   D:14 }


Innate Abilities, Weirdness & Mutations

You reflexively headbutt those who attack you in melee.
You have a pair of horns on your head.


Message History

* * * LOW HITPOINT WARNING * * *
The red draconian barely misses you.
You feel protected.
The salamander hits you with an enchanted trident!
* * * LOW HITPOINT WARNING * * *
You are engulfed in flames.
You resist.
* * * LOW HITPOINT WARNING * * *
The red draconian breathes flames at you.
The searing blast hits you! You resist.
* * * LOW HITPOINT WARNING * * *
You puncture the red draconian!
The red draconian is moderately wounded.
You puncture the red draconian! You headbutt the red draconian.
The red draconian is heavily wounded.
The salamander hits you but does no damage.
The red draconian hits you but does no damage.
You impale the red draconian!!
The red draconian is severely wounded.
The salamander hits you with an enchanted trident!
You die...

#!)$ ###≈ #.[.
#.## ≈#
+.$.$.'..# ≈§#
+.._..'..##≈≈§≈
#.....#...#≈≈≈§
#######...#≈≈≈≈
+)[.$!Nd..#§§≈§
#..≈..#@..#§≈≈≈
#8≈≈≈8#...#§§§#
+..≈).'..## ≈
+.....'§.#≈≈
#8...8#)##§§
≈###.....###≈≈≈
≈§≈≈.....§≈§≈≈#
§§§§8...8§§≈§##
≈≈§≈§....§≈###


You could see a red draconian and a salamander.

Vanquished Creatures
  A frost giant (D:15)
  Josephine (D:13)
  A minotaur (Lab)
  2 hydras (D:15)
  Erica (D:8)
  An ogre mage (D:13)
  4 centaur warriors
  7 two-headed ogres
  The ghost of destino the Grappler, a novice DrTm of Okawaru (Lair:1)
  A tengu warrior (D:10)
  A salamander mystic (Volcano)
  A deep elf knight (D:13)
  A skeletal warrior (D:13)
  3 unseen horrors
  A wolf spider zombie (D:15)
  4 deep elf magi (D:13)
  12 ugly things
  3 orc knights
  A manticore (D:15)
  A wolf spider (D:15)
  2 salamanders (Volcano)
  5 cyclopes
  A manticore (shapeshifter) (D:14)
  2 black mambas (Lair:2)
  8 centaur skeletons
  A centaur zombie (D:14)
  5 spiny frogs
  3 gargoyles
  A rime drake (Lair:1)
  A komodo dragon (Lair:2)
  3 trolls
  2 hornets
  9 slime creatures
  4 hippogriffs
  Sigmund (D:2)
  A centaur simulacrum (D:15)
  A vampire (D:14)
  34 yaks
  3 basilisks
  2 wyverns
  6 wraiths
  Grum (D:8)
  A steam dragon (D:14)
  9 vampire mosquitoes
  3 hungry ghosts
  8 water moccasins
  4 acid dragons
  2 hell hounds (Lair:2)
  A porcupine (Lair:1)
  A floating eye (shapeshifter) (D:14)
  14 orc warriors
  7 ice beasts
  5 sky beasts
  Purgy (Sewer)
  2 black bears
  An eye of draining (D:14)
  4 phantoms
  An eye of draining (shapeshifter) (D:11)
  12 ogres
  8 wolves
  A boggart (shapeshifter) (D:15)
  10 centaurs
  A crocodile (Lair:2)
  2 big kobolds
  8 bullfrogs
  A wyvern zombie (D:10)
  A wyvern skeleton (D:8)
  A scorpion (D:4)
  5 wights (D:6)
  7 killer bees
  A howler monkey (D:4)
  4 crimson imps
  A bullfrog zombie (D:10)
  2 quasits
  3 jellies
  13 orc priests
  A gnoll shaman (D:6)
  6 hounds
  14 orc wizards
  5 bullfrog skeletons
  6 iguanas
  Ijyb (D:4)
  11 worker ants
  2 hound skeletons
  7 gnolls
  14 adders
  2 shadow imps
  An ooze (D:3)
  An adder zombie (D:5)
  2 worms
  3 dart slugs
  4 leopard geckos
  60 orcs
  5 giant cockroaches
  6 goblins
  6 hobgoblins
  6 jackals
  5 quokkas
  3 ball pythons
  7 bats
  6 frilled lizards
  18 kobolds
  A leopard gecko zombie (D:5)
  8 rats
500 creatures vanquished.

Vanquished Creatures (collateral kills)
  A slime creature (D:12)
1 creature vanquished.

Vanquished Creatures (others)
  Nergalle (D:12)
  An ugly thing (D:15)
  A kobold (D:14)
3 creatures vanquished.

Grand Total: 504 creatures vanquished

Notes
Turn   | Place    | Note
-------+----------+-------------------------------------------
     0 | D:1      | angvis the Minotaur Berserker began the quest for the Orb.
     0 | D:1      | Reached XP level 1. HP: 19/19 MP: 0/0
   283 | D:1      | Reached XP level 2. HP: 17/27 MP: 1/1
   922 | D:1      | Reached skill level 4 in Polearms
  1030 | D:2      | Reached XP level 3. HP: 33/33 MP: 2/2
  1035 | D:2      | Reached ** piety under Trog
  1650 | D:2      | Noticed Sigmund
  1679 | D:2      | Killed Sigmund
  1679 | D:2      | Reached skill level 5 in Fighting
  1679 | D:2      | Reached skill level 5 in Polearms
  1679 | D:2      | Reached XP level 4. HP: 32/42 MP: 3/3
  1679 | D:2      | Reached XP level 5. HP: 37/48 MP: 4/4
  2471 | D:3      | Reached skill level 6 in Polearms
  2471 | D:3      | Reached XP level 6. HP: 51/56 MP: 5/5
  2566 | D:3      | Found a glowing drain.
  2575 | Sewer    | Entered a sewer
  2693 | Sewer    | Noticed Purgy
  2701 | Sewer    | Killed Purgy
  2902 | D:3      | Reached *** piety under Trog
  3370 | D:3      | You fall through a shaft for 2 floors!
  3370 | D:5      | Entered Level 5 of the Dungeon
  3372 | D:5      | Reached skill level 7 in Polearms
  3381 | D:5      | Reached XP level 7. HP: 61/61 MP: 6/6
  3570 | D:5      | Reached skill level 8 in Polearms
  3872 | D:4      | Found Funoddel's Armour Emporium.
  3874 | D:4      | Got a faintly glowing wooden ring
  3888 | D:4      | Noticed Ijyb
  3898 | D:4      | Killed Ijyb
  3907 | D:4      | Reached skill level 9 in Polearms
  4481 | D:5      | Reached XP level 8. HP: 70/70 MP: 7/7
  4844 | D:5      | Identified the ring of Wochezuer {rCorr rC++ rN+ Int-4 Dex+8} (You found it on level 4 of the Dungeon)
  5102 | D:5      | Reached **** piety under Trog
  5425 | D:6      | Reached skill level 10 in Polearms
  5510 | D:6      | Reached skill level 5 in Armour
  5515 | D:6      | Found Emacut Bycu's Book Boutique.
  5601 | D:6      | Found Tuewol's Antique Armour Shoppe.
  5605 | D:6      | Bought a dazzling scale mail for 189 gold pieces
  5615 | D:6      | Identified the +5 scale mail of Qazlal's Anger {rC- Regen+ Int-4 SInv} (You bought it in a shop on level 6 of the Dungeon)
  5615 | D:6      | Lost intelligence.
  5664 | D:6      | Reached skill level 11 in Polearms
  5744 | D:6      | Found Obushrepu's Distillery.
  5893 | D:6      | Found Taric's Food Emporium.
  6064 | D:6      | Reached XP level 9. HP: 75/75 MP: 8/8
  6841 | D:7      | Reached skill level 12 in Polearms
  7094 | D:7      | Found a staircase to the Ecumenical Temple.
  7507 | D:8      | Reached skill level 13 in Polearms
  7530 | D:8      | Got a spiked leather armour
  7541 | D:8      | Identified the +2 leather armour "Cucs" {Str+2 Stlth+} (You found it on level 8 of the Dungeon)
  7550 | D:8      | Noticed Erica
  7556 | D:8      | Killed Erica
  7559 | D:8      | Reached ***** piety under Trog
  7750 | D:8      | Noticed Grum
  7760 | D:8      | Killed Grum
  7760 | D:8      | Reached XP level 10. HP: 21/86 MP: 9/9
  7761 | D:8      | HP: 4/129 [wolf[Grum] (8)]
  7972 | D:8      | Reached skill level 14 in Polearms
  8701 | D:8      | Received a gift from Trog
  9173 | D:9      | Found a flagged portal.
  9185 | Bailey   | Entered a bailey
  9272 | Bailey   | Noticed an orc knight
  9401 | Bailey   | Noticed an orc knight
  9408 | Bailey   | Killed an orc knight
  9408 | Bailey   | Reached skill level 15 in Polearms
  9415 | Bailey   | Reached skill level 5 in Dodging
 10182 | D:9      | Noticed a two-headed ogre
 10188 | D:9      | Killed a two-headed ogre
 10494 | D:9      | Found a staircase to the Lair.
 10592 | D:9      | Noticed a two-headed ogre
 10598 | D:9      | Killed a two-headed ogre
 10598 | D:9      | Reached skill level 16 in Polearms
 10781 | D:10     | Entered Level 10 of the Dungeon
 10816 | D:10     | Reached XP level 11. HP: 94/94 MP: 10/10
 11217 | D:10     | Found Kunol's Antique Weapon Emporium.
 11235 | D:10     | Bought a pitted trident for 263 gold pieces
 11235 | D:10     | Identified the +5 trident "Beetlebane" {pierce, Fragile rN+++ Int+6 Stlth+} (You bought it in a shop on level 10 of the Dungeon)
 11351 | D:10     | Noticed a tengu warrior
 11360 | D:10     | Killed a tengu warrior
 11589 | D:11     | Noticed a two-headed ogre
 11595 | D:11     | Killed a two-headed ogre
 11595 | D:11     | Reached skill level 17 in Polearms
 11725 | D:11     | Found Ontalul's Weapon Shoppe.
 11726 | D:11     | Found a staircase to the Orcish Mines.
 11728 | D:11     | Found Patiofue's Armour Shoppe.
 11896 | D:11     | Found Jeckoko's Assorted Antiques.
 11904 | D:11     | Bought a scroll of enchant armour for 172 gold pieces
 11913 | D:11     | Noticed a green ugly thing
 11917 | D:11     | Killed a green ugly thing
 12228 | D:12     | Noticed Nergalle
 12249 | D:12     | Killed Nergalle
 12454 | D:12     | Reached skill level 18 in Polearms
 12714 | D:12     | Noticed a purple ugly thing
 12723 | D:12     | Killed a purple ugly thing
 12900 | D:12     | Noticed a two-headed ogre
 12904 | D:12     | Killed a two-headed ogre
 12904 | D:12     | Reached XP level 12. HP: 99/104 MP: 11/11
 13254 | D:13     | Received a gift from Trog
 13272 | D:13     | Found a deep blue altar of Sif Muna.
 13390 | D:13     | Noticed a two-headed ogre
 13390 | D:13     | Noticed a two-headed ogre
 13393 | D:13     | Noticed an ogre mage
 13410 | D:13     | Killed a two-headed ogre
 13439 | D:13     | Killed a two-headed ogre
 13439 | D:13     | Reached skill level 10 in Fighting
 13446 | D:13     | Killed an ogre mage
 13816 | D:13     | Reached skill level 19 in Polearms
 13847 | D:13     | Noticed Josephine
 13887 | D:13     | Killed Josephine
 14342 | D:13     | Found a gate to the Vaults.
 14624 | D:13     | Reached XP level 13. HP: 116/116 MP: 12/12
 14628 | D:13     | Found a stormy altar of Qazlal.
 15244 | D:14     | Found a stormy altar of Qazlal.
 15320 | D:14     | Reached skill level 10 in Armour
 15618 | D:14     | Received a gift from Trog
 15678 | D:14     | Found Todeolu's Gadget Shop.
 15824 | D:14     | Reached ****** piety under Trog
 15947 | D:14     | Reached skill level 20 in Polearms
 16705 | D:15     | Entered Level 15 of the Dungeon
 16958 | D:15     | Received a gift from Trog
 17311 | D:15     | Reached XP level 14. HP: 91/129 MP: 13/13
 17484 | D:15     | Got a slimy hat
 17490 | D:15     | Identified the +2 hat of Akuched {rElec Stlth+} (You found it on level 15 of the Dungeon)
 17948 | D:15     | Noticed a frost giant
 17968 | D:15     | Killed a frost giant
 17968 | D:15     | Reached skill level 21 in Polearms
 18243 | D:15     | Found a staircase to the Depths.
 18421 | Lair:1   | Entered Level 1 of the Lair of Beasts
 18559 | Lair:1   | Noticed destino's ghost (novice DrTm)
 18570 | Lair:1   | Killed destino's ghost
 18805 | Lair:1   | Found a labyrinth entrance.
 18868 | Lab      | Entered a labyrinth
 19614 | Lab      | Got jewelled fire dragon scales
 20059 | Lair:2   | Received a gift from Trog
 20567 | Lair:2   | Found a dark tunnel.
 20577 | Volcano  | Entered a volcano
 20622 | Volcano  | Identified the cursed +0 fire dragon scales of Seym {rF++ rC- Regen+ Str-4 Dex+2 Stlth+} (You took it off a minotaur in a labyrinth)
 20658 | Volcano  | Found a radiant altar of Vehumet.
 20684 | Volcano  | HP: 1/130 [red draconian/searing blast (7)]
 20687 | Volcano  | Slain by a salamander

Skill      XL: |  1  2  3  4  5  6  7  8  9 10 11 12 13 14 |
---------------+-------------------------------------------+-----
Fighting       | 4 5 6 7 8 9 11 13 | 13.8
Polearms       | 4 5 6 7 9 11 13 16 18 19 20 21 | 21.5
Dodging        | 3 4 5 6 7 |  7.3
Armour         | 3 4 5 6 7 9 11 12 | 12.1
Stealth        | |  0.6

Action                   |  1- 3 |  4- 6 |  7- 9 | 10-12 | 13-15 || total
-------------------------+-------+-------+-------+-------+-------++-------
Melee: Spear             |   101 |       |       |       |       ||   101
       Headbutt          |     6 |    14 |    39 |   127 |   147 ||   333
       Scythe            |       |    91 |   199 |    36 |       ||   326
       Unarmed           |       |       |    18 |       |       ||    18
       Glaive            |       |       |       |   108 |       ||   108
       Trident           |       |       |       |   407 |   536 ||   943
Invok: Berserk           |     1 |     1 |     3 |     3 |     3 ||    11
       Burn Spellbooks   |       |       |       |     1 |     1 ||     2
  Use: Scroll            |       |       |    17 |    12 |    12 ||    41
       Potion            |       |       |       |     2 |     1 ||     3
 Stab: Sleeping          |     1 |       |       |     3 |     3 ||     7
       Confused          |       |       |     2 |       |       ||     2
       Distracted        |       |       |       |     2 |       ||     2
  Eat: Chunk             |     2 |     7 |    15 |    20 |    13 ||    57
       Bread ration      |       |     1 |       |     1 |       ||     2
       Royal jelly       |       |       |     1 |       |     2 ||     3
       Fruit             |       |       |       |     2 |     5 ||     7
Armor: Animal skin       |     9 |       |       |       |       ||     9
       Ring mail         |     5 |    36 |       |       |       ||    41
       Scale mail        |       |    12 |    67 |    50 |    49 ||   178
       Troll leather arm |       |     1 |       |       |       ||     1
       Skin              |       |       |     2 |       |       ||     2
       Leather armour    |       |       |    11 |    14 |       ||    25
       Chain mail        |       |       |       |     3 |    74 ||    77
Dodge: Dodged            |    39 |    59 |   171 |   186 |   157 ||   612
